 Dungeon Crawl Stone Soup version 0.29.1-12-g30fa7ad0bf (webtiles) character file.

Game seed: 10094865881615949960

60882 cheesebisquit the Executioner (level 14, -9/126 HPs)
             Began as a Minotaur Berserker on Dec 28, 2022.
             Was a Priest of Trog.
             Mangled by an orc warlord
             ... wielding a +0 long sword
              (30 damage)
             ... on level 2 of the Orcish Mines on Dec 29, 2022.
             The game lasted 01:38:41 (21335 turns).

cheesebisquit the Executioner (Minotaur Berserker) Turns: 21335, Time: 01:38:42

Health: -9/126     AC: 19    Str: 32    XL:     14   Next: 58%
Magic:  0/13       EV:  9    Int:  2    God:    Trog [***...]
Gold:   2101       SH: 15    Dex: 11    Spells: 13/13 levels left

rFire   + . .      SeeInvis .   a - +8 war axe (freeze)
rCold   . . .      Faith    .   U - +0 tower shield
rNeg    . . .      Spirit   +   H - +0 plate armour
rPois   .          Reflect  .   P - +0 hat {Will+}
rElec   .          Harm     .   S - +1 cloak {rCorr}
rCorr   +          Rampage  .   (no gloves)
Will    ++++.                   A - +0 pair of boots
Stlth   ..........              t - amulet of guardian spirit
HPRegen 1.31/turn               v - ring of Benevolence {Fly rF+ rCorr Int-2 Stlth+}
MPRegen 0.13/turn               I - +6 ring of strength

@: strong-willed, on berserk cooldown, flying, regenerating
A: horns 2, retaliatory headbutt
a: Renounce Religion, Berserk, Trog's Hand


You were on level 2 of the Orcish Mines.
You worshipped Trog.
Trog was most pleased with you.
You visited 3 branches of the dungeon, and saw 19 of its levels.

You collected 2171 gold pieces.
You spent 70 gold pieces at shops.

Inventory:

Hand Weapons
 a - a +8 war axe of freezing (weapon)
 b - a +0 sling
 c - the +7 morningstar of the Firefly {speed, *Noise rElec Dex+4 Stlth+}
   (You found it on level 4 of the Lair of Beasts)

   Attacks with this weapon are significantly faster.
   Dex:       It affects your dexterity (+4).
   rElec:     It insulates you from electricity.
   *Noise:    It may make noises in combat.
   Stlth:     It makes you more stealthy.
Missiles
 w - 22 poisoned darts (quivered)
 Q - 3 curare-tipped darts
 X - 3 atropa-tipped darts
Armour
 g - the +1 leather armour "Gyocw" {rPois Int+4}
   (You found it on level 8 of the Dungeon)

   Int:       It affects your intelligence (+4).
   rPois:     It protects you from poison.
 A - a +0 pair of boots (worn)
 D - a +0 scale mail of fire resistance
 G - an orb of light
 H - a +0 plate armour (worn)
 P - a +0 hat of willpower (worn)
 S - a +1 cloak of preservation (worn)
 U - a +0 tower shield (worn)
 Z - +0 swamp dragon scales
Jewellery
 n - a ring of poison resistance
 t - an amulet of guardian spirit (around neck)
 v - the ring of Benevolence (left hand) {Fly rF+ rCorr Int-2 Stlth+}
   (You found it on level 4 of the Dungeon)

   [ring of flight]

   Int:       It affects your intelligence (-2).
   rF:        It protects you from fire.
   Fly:       It grants you flight.
   rCorr:     It protects you from acid and corrosion.
   Stlth:     It makes you more stealthy.
 B - a ring of ice
 C - a ring of willpower
 I - a +6 ring of strength (right hand)
Wands
 u - a wand of mindburst (27)
 y - a wand of polymorph (7)
 z - a wand of quicksilver (10)
 J - a wand of flame (25)
 T - a wand of digging (5)
Scrolls
 d - 2 scrolls of vulnerability
 f - 6 scrolls of fear
 i - 5 scrolls of teleportation
 j - a scroll of blinking
 m - a scroll of immolation
 p - 3 scrolls of silence
 q - a scroll of butterflies {unknown}
 F - 3 scrolls of magic mapping
 M - 2 scrolls of summoning
 N - 2 scrolls of poison
 V - a scroll of noise {unknown}
Potions
 e - 5 potions of curing
 h - 2 potions of haste
 k - 3 potions of attraction
 l - 2 potions of heal wounds
 o - 5 potions of magic
 r - a potion of cancellation
 s - 2 potions of berserk rage
 x - 4 potions of ambrosia
 E - 5 potions of might
 K - a potion of lignification
 L - a potion of mutation {unknown}
 O - 3 potions of invisibility
 R - a potion of resistance


   Skills:
 - Level 12.1 Fighting
 - Level 21.3 Axes
 - Level 11.8 Armour
 - Level 10.9 Dodging
 + Level 10.2 Shields


You had 13 spell levels left.
You didn't know any spells.
Your spell library was empty.

Dungeon Overview and Level Annotations

Branches:
Dungeon (12/15)            Temple (0/1) D:7            Lair (5/5) D:8
  Swamp (0/4) Lair:3        Snake (0/4) Lair:3        Slime (0/5) Lair:4
    Orc (2/2) D:10
    Elf: Orc:2

Altars:
Gozag
Makhleb
Vehumet

Shops:
D:6 ?   D:9 *   D:11 =

Portals:
Hell: Lair:5

Annotations:
Lair:5 3 runed translucent doors, Aldia's ghost, journeyman OpHW; venomsnake's ghost, journeyman MiBe; xzight's ghost, journeyman GnFi


Innate Abilities, Weirdness & Mutations

You have a pair of horns on your head.
You reflexively headbutt those who attack you in melee.


Message History

You headbutt the orc warlord, but do no damage.
The orc warlord is lightly wounded.
You slash the orc warrior! You freeze the orc warrior.
You closely miss the orc knight. You slash the orc warrior!
You freeze the orc warrior. You barely miss the orc high priest.
The orc high priest hits you with a +0 short sword.
You block the orc's attack.
The orc warlord hits you with a +0 long sword!
The orc warrior barely misses you. You furiously retaliate!
You headbutt the orc warrior.
You kill the orc warrior!
Trog accepts your kill. The orc warrior closely misses you.
You furiously retaliate!
You headbutt the orc warrior, but do no damage.
The orc knight hits you with a +1 long sword of protection!!
You block the orc warrior's attack. You block the orc knight's attack.
The orc high priest mumbles some strange prayers to Beogh.
You block the orc's attack.
The orc warlord hits you with a +0 long sword!
You slice the orc warlord!! You freeze the orc warlord!
You headbutt the orc warlord!
The orc warlord is heavily wounded.
You hit the orc high priest. You freeze the orc high priest.
You slash the soul eater!
You hit the orc warrior but do no damage.
You hit the orc knight but do no damage.
You block the orc high priest's attack. You block the orc's attack.
The orc warrior hits you with a +0 trident.
The orc warlord hits you with a +0 long sword!!!
* * * LOW HITPOINT WARNING * * *
The orc knight closely misses you.
The soul eater draws from the surrounding life force!
* * * LOW HITPOINT WARNING * * *
The soul eater is healed.
You feel much better.
You feel yourself speed up.
The orc high priest prays.
You block the orc high priest's attack. You block the orc's attack.
The orc warlord hits you with a +0 long sword!!
You die...

..............$
................
................
........o.......
................
................
......).).......
#.....<)3......
..#...o)@o4.#..
.......ooo......
........4.......
........O.......
................
............#...
................
...............


You could see an orc warlord (strong), an orc knight (strong), a soul eater
(summoned), an orc high priest (strong), 2 rust devils, an orc warrior (strong),
an ogre, an orc priest and an orc (strong).

Vanquished Creatures
  Gastronok (D:12)
  A fire dragon (D:12)
  The ghost of mkat the Cruncher, a journeyman DjBe of Trog (Lair:1)
  7 hydras
  A boulder beetle (D:12)
  Fannar (Lair:2)
  A centaur warrior (D:9)
  5 two-headed ogres
  4 death yaks (Lair:4)
  Sonja (Lair:2)
  Amaemon (Lair:2)
  A skeletal warrior (D:9)
  A sixfirhy (Lair:5)
  A swamp dragon (Lair:3)
  A wizard (Lair:5)
  4 orc knights
  A deep elf pyromancer (D:12)
  A cyclops (D:11)
  An ugly thing (D:12)
  3 slime creatures (D:12)
  3 manticores
  8 elephants
  A guardian serpent (Lair:3)
  5 black mambas
  11 cane toads
  3 gargoyles (D:12)
  A torpor snail (Lair:3)
  2 orange demons
  2 kobold demonologists (D:12)
  A smoke demon (Lair:5)
  Maggie (D:6)
  5 rime drakes
  3 komodo dragons
  4 ice devils (Lair:5)
  3 trolls
  2 meliai
  A queen bee (Lair:1)
  4 hornets
  24 blink frogs
  A polar bear (Lair:4)
  Grinder (D:6)
  3 wraiths
  A water elemental (D:12)
  Eustachio (D:6)
  A vampire (D:11)
  34 yaks
  3 wyverns
  A fire bat (D:11)
  2 basilisks (Lair:3)
  2 vampire mosquitoes (D:11)
  3 steam dragons (D:9)
  A fire elemental (D:11)
  2 wargs (Orc:1)
  25 water moccasins
  7 hell hounds
  Duvessa (D:6)
  10 orc warriors
  A sky beast (D:6)
  A black bear (D:6)
  An ogre (Orc:1)
  21 wolves
  12 centaurs
  2 kobold brigands (D:12)
  3 phantoms
  6 scorpions
  11 bullfrogs
  A gnoll sergeant (D:9)
  A necrophage (D:6)
  9 wights
  Dowan (D:6)
  9 killer bees
  3 electric eels (D:12)
  5 howler monkeys
  2 hounds (D:5)
  3 jellies
  10 orc priests
  5 iguanas
  13 orc wizards
  13 hell rats (Lair:5)
  6 adders
  4 gnolls (D:5)
  A white imp (D:6)
  3 ufetubi
  4 worms
  4 dart slugs
  52 orcs
  5 bats
  8 endoplasms
  4 giant cockroaches
  7 goblins
  5 hobgoblins
  12 jackals
  2 quokkas (D:1)
  9 ball pythons
  4 frilled lizards
  12 kobolds
  7 rats
503 creatures vanquished.

Vanquished Creatures (others)
  A centaur (D:7)
  34 fungi
  38 plants
73 creatures vanquished.

Grand Total: 576 creatures vanquished

Notes
Turn   | Place    | Note
-------+----------+-------------------------------------------
     0 | D:1      | cheesebisquit the Minotaur Berserker began the quest for
                  | the Orb.
     0 | D:1      | Reached XP level 1. HP: 19/19 MP: 0/0
   180 | D:1      | Reached XP level 2. HP: 26/27 MP: 1/1
   520 | D:1      | Reached skill level 4 in Axes
   626 | D:1      | Reached XP level 3. HP: 33/33 MP: 2/2
   661 | D:1      | Reached ** piety under Trog
  1567 | D:2      | Reached XP level 4. HP: 40/40 MP: 3/3
  2853 | D:4      | Identified the ring of Benevolence {Fly rF+ rCorr Int-2
                  | Stlth+}
  2862 | D:4      | Noticed a scorpion
  2872 | D:4      | Killed a scorpion
  2873 | D:4      | Reached XP level 5. HP: 47/47 MP: 4/4
  3057 | D:4      | Reached skill level 5 in Axes
  3072 | D:4      | Reached skill level 5 in Fighting
  3110 | D:4      | Reached XP level 6. HP: 56/56 MP: 5/5
  3467 | D:5      | Entered Level 5 of the Dungeon
  3486 | D:5      | Noticed a yak
  3486 | D:5      | Noticed a yak
  3487 | D:5      | Noticed a yak
  3488 | D:5      | Noticed a yak
  3499 | D:5      | Killed a yak
  3503 | D:5      | Killed a yak
  3504 | D:5      | Reached skill level 5 in Armour
  3504 | D:5      | Reached XP level 7. HP: 62/62 MP: 4/6
  3511 | D:5      | Killed a yak
  3512 | D:5      | Reached skill level 6 in Axes
  3512 | D:5      | Reached skill level 5 in Dodging
  3513 | D:5      | Killed a yak
  3717 | D:5      | Reached XP level 8. HP: 68/71 MP: 5/7
  3905 | D:5      | Reached *** piety under Trog
  4028 | D:5      | Reached skill level 7 in Axes
  4077 | D:5      | Identified the +5 ring mail of Syndicalism {Int+5 Dex-4}
  4491 | D:6      | Noticed Duvessa
  4491 | D:6      | Noticed Dowan
  4503 | D:6      | Killed Duvessa
  4505 | D:6      | Killed Dowan
  4568 | D:6      | Noticed Maggie
  4580 | D:6      | Killed Maggie
  4581 | D:6      | Reached XP level 9. HP: 81/81 MP: 4/8
  4583 | D:6      | Noticed Eustachio
  4585 | D:6      | Reached skill level 8 in Axes
  4615 | D:6      | Killed Eustachio
  4798 | D:6      | Noticed Grinder
  4801 | D:6      | Paralysed by Grinder for 4 turns
  4811 | D:6      | Killed Grinder
  4869 | D:6      | Found Panetops's Magic Scroll Shop.
  4873 | D:6      | Bought a scroll of identify for 30 gold pieces
  5121 | D:7      | Found a staircase to the Ecumenical Temple.
  5523 | D:7      | Reached skill level 9 in Axes
  5680 | D:7      | Identified the ring of Nanituaz {Ice rN++ Int-5 Dex+2
                  | Stlth+}
  5877 | D:7      | Reached skill level 10 in Axes
  6122 | D:8      | Reached XP level 10. HP: 71/91 MP: 7/9
  6130 | D:8      | Reached skill level 11 in Axes
  6640 | D:8      | Found a flagged portal.
  6847 | D:8      | Reached skill level 12 in Axes
  7025 | D:8      | Found a staircase to the Lair.
  7127 | D:8      | Identified the +1 leather armour "Gyocw" {rPois Int+4}
  7833 | D:9      | Reached skill level 13 in Axes
  8181 | D:9      | Noticed a centaur warrior
  8181 | D:9      | Noticed a two-headed ogre
  8186 | D:9      | Killed a centaur warrior
  8188 | D:9      | Killed a two-headed ogre
  8189 | D:9      | Reached skill level 14 in Axes
  8265 | D:9      | Identified the +9 mace of Coysch {vamp, Str+5}
  8265 | D:9      | Noticed a skeletal warrior
  8270 | D:9      | Killed a skeletal warrior
  8271 | D:9      | Reached XP level 11. HP: 97/97 MP: 10/10
  8280 | D:9      | Identified the +1 leather armour of Gluttony {Will- Int+4
                  | Dex+6}
  8310 | D:9      | Reached skill level 15 in Axes
  8383 | D:9      | Noticed a two-headed ogre
  8390 | D:9      | Killed a two-headed ogre
  8821 | D:9      | Reached skill level 16 in Axes
  8916 | D:9      | Found an opulent altar of Gozag.
  8923 | D:9      | Found a radiant altar of Vehumet.
  9088 | D:9      | Found Xogunoy's Assorted Antiques.
  9126 | D:9      | Bought a scroll of identify for 40 gold pieces
  9170 | D:10     | Entered Level 10 of the Dungeon
  9261 | D:10     | Noticed a two-headed ogre
  9278 | D:9      | Killed a two-headed ogre
  9783 | D:10     | Noticed an orc knight
  9784 | D:10     | Found a staircase to the Orcish Mines.
  9798 | D:10     | Killed an orc knight
  9798 | D:10     | Reached **** piety under Trog
  9799 | D:10     | Reached skill level 17 in Axes
  9966 | D:11     | Found Vuumaaf's Jewellery Shop.
 10025 | D:11     | Found an opulent altar of Gozag.
 10186 | D:11     | Noticed a two-headed ogre
 10197 | D:11     | Killed a two-headed ogre
 10198 | D:11     | Reached skill level 18 in Axes
 10775 | D:11     | Reached XP level 12. HP: 97/104 MP: 9/11
 10819 | D:11     | Found a transporter.
 10859 | D:11     | Found a transporter.
 10960 | D:12     | Noticed a two-headed ogre
 10965 | D:12     | Killed a two-headed ogre
 10973 | D:12     | Reached skill level 19 in Axes
 10984 | D:12     | Noticed a four-headed hydra
 10995 | D:12     | Killed a four-headed hydra
 11626 | D:12     | Noticed Gastronok
 11632 | D:12     | Killed Gastronok
 11633 | D:12     | Reached skill level 20 in Axes
 11764 | D:12     | Noticed a fire dragon
 11777 | D:12     | Killed a fire dragon
 12093 | D:12     | Noticed a boulder beetle
 12106 | D:12     | Killed a boulder beetle
 12299 | D:12     | Reached skill level 21 in Axes
 12887 | Lair:1   | Entered Level 1 of the Lair of Beasts
 12887 | Lair:1   | Noticed a four-headed hydra
 12894 | Lair:1   | Killed a four-headed hydra
 13141 | Lair:1   | Noticed a six-headed hydra
 13150 | Lair:1   | Killed a six-headed hydra
 13432 | Lair:1   | Noticed a seven-headed hydra
 13443 | Lair:1   | Killed a seven-headed hydra
 13444 | Lair:1   | Reached XP level 13. HP: 30/111 MP: 2/12
 14059 | Lair:1   | Found a transporter.
 14059 | Lair:1   | Found a transporter.
 14060 | Lair:1   | Noticed mkat's ghost (journeyman DjBe)
 14227 | Lair:2   | Noticed Sonja
 14235 | Lair:2   | Killed Sonja
 14250 | Lair:2   | Noticed Amaemon
 14259 | Lair:2   | Killed Amaemon
 14260 | Lair:2   | Reached skill level 10 in Fighting
 14661 | Lair:2   | Reached skill level 10 in Armour
 15016 | Lair:2   | Noticed Fannar
 15025 | Lair:2   | Killed Fannar
 16199 | Lair:3   | Found a staircase to the Swamp.
 16209 | Lair:3   | Reached skill level 10 in Dodging
 16319 | Lair:3   | Found a staircase to the Snake Pit.
 17587 | Lair:4   | Identified the +7 morningstar of the Firefly {speed, *Noise
                  | rElec Dex+4 Stlth+}
 17761 | Lair:4   | Found a staircase to the Slime Pits.
 17841 | Lair:4   | Reached XP level 14. HP: 69/126 MP: 3/13
 18163 | Lair:4   | Reached skill level 1 in Shields
 18348 | Lair:5   | Entered Level 5 of the Lair of Beasts
 18436 | Lair:5   | Reached skill level 5 in Shields
 18803 | Lair:5   | Found a runed translucent gate.
 18803 | Lair:5   | Identified the +2 leather armour "Lubuath" {rC+}
 18804 | Lair:5   | Found a runed translucent gate.
 18805 | Lair:5   | Found a runed translucent gate.
 18806 | Lair:5   | Noticed venomsnake's ghost (journeyman MiBe)
 18806 | Lair:5   | Noticed Aldia's ghost (journeyman OpHW)
 18806 | Lair:5   | Noticed xzight's ghost (journeyman GnFi)
 19273 | Lair:5   | Found a burning altar of Makhleb.
 19297 | Lair:5   | Found a gateway to Hell.
 19889 | Lair:1   | Paralysed by a hornet for 1 turns
 19896 | Lair:1   | Killed mkat's ghost
 20748 | Orc:1    | Entered Level 1 of the Orcish Mines
 21064 | Orc:2    | Entered Level 2 of the Orcish Mines
 21099 | Orc:1    | Reached skill level 10 in Shields
 21327 | Orc:2    | Noticed an orc warlord
 21334 | Orc:2    | HP: 2/126 [soul eater[an orc high priest] (6)]
 21335 | Orc:2    | Mangled by an orc warlord

Illustrated notes

Levels and vault maps discovered:
D:1:      dpeg_arrival_central, layout_loops_ring, minmay_hexomino_p4
D:2:      layout_basic, serial_forest, infiniplex_forest_lined_4_way,
          infiniplex_forest_clump_large, infiniplex_forest_lined_corner,
          infiniplex_forest_straight_2, infiniplex_forest_clump_double,
          infiniplex_forest_clump_tiny, infiniplex_forest_clump_double
D:3:      layout_loops_ring, grunt_decor_fettered
D:4:      layout_basic, st_stairs_12
D:5:      minmay_inner_zag, layout_rooms, nicolae_zen_rock_garden,
          kennysheep_generic_room_4
D:6:      layout_cave_pools, serial_shops, shop, uniq_grinder, uniq_duvessa,
          uniq_eustachio, uniq_maggie
D:7:      layout_rooms, minmay_temple_entry_offerings, centaur_isle
D:8:      layout_basic, lair_entry_dummy, serial_rivers,
          chequers_serial_rivers_room_a, chequers_serial_rivers_small_b,
          chequers_serial_rivers_micro_d, chequers_serial_rivers_room_a,
          chequers_serial_rivers_room_b, chequers_serial_rivers_room_b,
          enter_bailey_2, grunt_ministairs_7
D:9:      minmay_the_grid_net [minmay_the_grid_large_cup,
          minmay_the_grid_dragon_b, minmay_the_grid_minigrid_large,
          minmay_the_grid_paths, minmay_the_grid_aliased_spiral,
          minmay_the_grid_prize_diamond_cup], layout_loops_ring,
          grunt_temple_overflow_open, serial_shops,
          nicolae_shop_temple_entry_statues_fountains
D:10:     layout_gridville, orc_david_3, hangedman_decor_riveting
D:11:     gammafunk_cloud_chamber, layout_basic, serial_shops,
          nicolae_stop_n_shop_1, grunt_gozag_breadcrumbs
D:12:     dragon1_lemuel, layout_gridville, uniq_gastronok
Lair:1:   layout_hall_layers, gammafunk_ghost_hive, grunt_megastairs_4,
          infiniplex_staircase_pool
Lair:2:   layout_loops_ring, uniq_sonja, uniq_amaemon, uniq_fannar
Lair:3:   layout_chaotic_city, minmay_swamp_entry_reptiles,
          minmay_snake_entry_spellcaster, grunt_megastairs_5
Lair:4:   layout_roguey, slime_entry_1, nicolae_lair_lil_pond,
          grunt_megastairs_2
Lair:5:   evil_forest, layout_small_grid, gammafunk_ghost_cemetery
Orc:1:    layout_caves
Orc:2:    grunt_orc_gardens, layout_caves, grunt_orc_garden, grunt_orc_garden,
          grunt_orc_garden, grunt_orc_garden, uniq_maurice

Skill      XL: |  1  2  3  4  5  6  7  8  9 10 11 12 13 14 |
---------------+-------------------------------------------+-----
Axes           | 4 5 6 7 10 14 18 21 | 21.3
Fighting       | 4 5 6 7 9 12 | 12.1
Armour         | 3 4 5 6 7 8 9 11 | 11.8
Dodging        | 3 4 5 6 7 8 10 | 10.9
Shields        | 10 | 10.2

Action                   |  1- 3 |  4- 6 |  7- 9 | 10-12 | 13-15 || total
-------------------------+-------+-------+-------+-------+-------++-------
Melee: Hand axe          |    88 |   103 |   169 |    31 |       ||   391
       Headbutt          |    11 |    24 |    26 |    99 |    77 ||   237
       Punch             |     1 |     1 |     3 |       |       ||     5
       Unarmed           |       |       |    13 |       |       ||    13
       War axe           |       |       |       |   326 |   338 ||   664
       Flail             |       |       |       |    24 |    53 ||    77
Invok: Berserk           |     2 |     2 |     5 |    11 |    20 ||    40
       Trog's Hand       |     1 |     1 |     9 |    11 |    23 ||    45
  Use: Scroll            |       |    13 |     5 |     9 |     8 ||    35
       Potion            |       |       |     1 |       |     9 ||    10
 Stab: Invisible         |       |       |     1 |       |       ||     1
Armor: Leather armour    |    11 |       |       |       |       ||    11
       Animal skin       |     1 |       |       |       |       ||     1
       Chain mail        |    40 |    46 |    45 |       |       ||   131
       Ring mail         |       |       |    64 |    15 |       ||    79
       Skin              |       |       |    17 |       |       ||    17
       Plate armour      |       |       |       |   205 |   280 ||   485
       Scale mail        |       |       |       |     7 |       ||     7
Dodge: Dodged            |    62 |    30 |   231 |   159 |   168 ||   650
Block: Tower shield      |       |       |       |    30 |   283 ||   313
